 Dungeon Crawl Stone Soup version 0.18-a0-1572-g0a86841 (webtiles) character file.

180 Gottschkopf the Insei (level 5, -6/40 HPs)
             Began as a Draconian Transmuter on Mar 15, 2016.
             Killed by divine providence
             ... invoked by an orc priest
              (11 damage)
             ... on level 3 of the Dungeon.
             The game lasted 00:06:31 (2674 turns).

Gottschkopf the Insei (Draconian Transmuter)        Turns: 2674, Time: 00:06:31

Health: -6/40      AC:  2    Str: 12    XL:     5   Next: 33%
Magic:  5/8        EV: 19    Int: 14    God:
Gold:   115        SH:  0    Dex: 17    Spells: 3 memorised, 2 levels left

rFire  . . .     SeeInvis .       - Unarmed
rCold  . . .     Gourm    .     (armour unavailable)
rNeg   . . .     Faith    .     (shield currently unavailable)
rPois  x         Spirit   .     (helmet currently unavailable)
rElec  .         Dismiss  .     (cloak currently unavailable)
rCorr  .         Reflect  .     (gloves currently unavailable)
SustAt .         Harm     .     (boots currently unavailable)
MR     .....                    (no amulet)
Stlth  ++........               (no ring)
                                (no ring)

@: spider-form, not resistant to hostile enchantments, unstealthy
A: unfitting armour, (cold-blooded), AC +5
a: End Transformation


You were on level 3 of the Dungeon.
You were not hungry.
You were a venomous arachnid creature.
You visited 1 branch of the dungeon, and saw 4 of its levels.

You collected 115 gold pieces.

Inventory:

Missiles
 a - 12 arrows
Armour
 h - a +0 pair of boots (melded)
Scrolls
 d - a scroll of blinking {unknown}
 e - 3 scrolls of remove curse {unknown}
 g - 2 scrolls of immolation {unknown}
 k - 3 scrolls of identify {unknown}
 l - 2 scrolls of amnesia {unknown}
 m - a scroll of fear {unknown}
 n - a scroll of teleportation {unknown}
 o - 2 scrolls of fog {unknown}
 r - a scroll of magic mapping {unknown}
Potions
 f - 2 potions of might {unknown}
 p - 2 potions of flight {unknown}
Books
 b - a book of Changes

   Spells                             Type                      Level
   a - Beastly Appendage              Transmutation                1
   b - Sticks to Snakes               Transmutation                2
   c - Spider Form                    Transmutation/Poison         3
   d - Ice Form                       Ice/Transmutation            4
   e - Blade Hands                    Transmutation                5
Comestibles
 c - 2 bread rations
 i - a meat ration
 j - 2 slices of pizza
 q - 3 chunks of flesh


   Skills:
 - Level 1.1 Fighting
 - Level 1.7 Dodging
 - Level 4.3 Unarmed Combat
 - Level 2.0 Spellcasting
 + Level 3.5 Transmutations
 * Level 2.7 Poison Magic


You had 2 spell levels left.
You knew the following spells:

 Your Spells              Type           Power        Failure   Level  Hunger
a - Beastly Appendage     Trmt           ##....       17%         1    ##.....
b - Sticks to Snakes      Trmt           ##......     24%         2    ###....
c - Spider Form           Trmt/Pois      ##........   41%         3    ####...


Dungeon Overview and Level Annotations

Branches:
Dungeon (4/15)
 Temple: D:4-7

Altars:
Zin

Annotations:
D:4 Gottschkopf's ghost, amateur DrTm


Innate Abilities, Weirdness & Mutations

((Your plain brown scales are hard (AC +5).))
Your body does not fit into most forms of armour.
((You are cold-blooded and may be slowed by cold attacks.))


Message History

The orc wizard miscasts a cantrip.
There is a glowing silver altar of Zin here.
The orc priest invokes the aid of Beogh against you.
Beogh smites you!
The orc priest mumbles some strange prayers to Beogh against you.
Beogh smites you!
* * * LOW HITPOINT WARNING * * *
The orc hits you with a dagger.
* * * LOW HITPOINT WARNING * * *
The orc closely misses you.
Casting: Spider Form
Confirm with . or Enter, or press ? or * to list all spells.
You turn into a venomous arachnid creature.
Your +0 pair of boots melds into your body.
The orc closely misses you.
The orc hits you from afar with a trident.
* * * LOW HITPOINT WARNING * * *
The orc priest invokes the aid of Beogh against you.
Beogh smites you!
You die...

... ..########## ###
###.........###..
.....(...........
##.....g...###).
#..........# #..
#...##.##### #..
########...##.# ####..
#.....s....##.# #.....
#....o....###.####.....
####....o....# #.#........
#............# #.#.)....##
#..#...o.....# #<#......#
#.......o....# ###......#
#..####.####.#####......##
##.##.....##..............
#.#.......#.#####......#.


You could see an orc priest, an orc wizard and 2 orcs.

Vanquished Creatures
  A hound (D:2)
  5 adders
  4 gnolls (D:3)
  An ooze (D:2)
  An adder skeleton (D:3)
  A worm (D:2)
  2 giant geckos
  3 orcs (D:3)
  2 ball pythons
  4 giant cockroaches
  2 goblins (D:2)
  6 hobgoblins
  6 jackals (D:2)
  7 kobolds
  4 bats
  A giant newt (D:3)
  7 rats
57 creatures vanquished.

Notes
Turn   | Place    | Note
--------------------------------------------------------------
     0 | D:1      | Gottschkopf the Draconian Transmuter began the quest for the Orb.
     0 | D:1      | Reached XP level 1. HP: 16/16 MP: 3/3
   287 | D:1      | Reached XP level 2. HP: 23/23 MP: 0/5
   295 | D:1      | Learned a level 2 spell: Sticks to Snakes
   594 | D:2      | Reached skill level 4 in Unarmed Combat
   696 | D:2      | Reached XP level 3. HP: 24/28 MP: 4/6
   701 | D:2      | Learned a level 3 spell: Spider Form
   946 | D:2      | Reached skill level 1 in Poison Magic
  1203 | D:2      | Reached XP level 4. HP: 13/35 MP: 5/7
  2084 | D:3      | Found a glowing silver altar of Zin.
  2100 | D:3      | Reached XP level 5. HP: 20/40 MP: 2/8
  2137 | D:4      | Noticed Gottschkopf's ghost (amateur DrTm)
  2674 | D:3      | Killed from afar by an orc priest

Vault maps used:
D:1:      mrwooster_arrival_statue_2, st_stairs_9
D:3:      old_standard_altar, first_bread
D:4:      kennysheep_the_goblin_king, ashenzari_altar_1,
          fedhas_bush_and_centaur_altar

Skill      XL: |  1  2  3  4 |
---------------+-------------+-----
Unarmed Combat | 4 |  4.3
Poison Magic   | 1 2 |  2.7
Transmutations | 3 |  3.5
Fighting       | |  1.1
Dodging        | |  1.7
Spellcasting   | |  2.0

Action                   |  1- 3 |  4- 6 || total
-------------------------+-------+-------++-------
Melee: Unarmed           |   118 |    66 ||   184
 Cast: Beastly Appendage |    16 |     4 ||    20
       Spider Form       |       |     7 ||     7
 Stab: Distracted        |       |     2 ||     2
  Eat: Chunk             |     1 |     6 ||     7
